AoeStats
← supersponge

Arabia

506090197Analyzed
2v2 RM · 21d ago on Sep 12, 2026· 42m 15s· 4 players
Game mode
Random Map
Map size
Medium (4 player)
Population
200
Speed
Normal
Resources
Standard
Victory
Conquest
Starting age
Dark Age
Ending age
Imperial Age
RankedLock teamsTeams togetherTeam positionsShared explorationLock speedFull tech treeHidden civsTurbo modeCheats
Victory
Defeat
🇨🇳 Huns · China
1042
+12
🇷🇺 Slavs · Russia
985
+16
🇭🇰 Huns · Hong Kong SAR China
961
-14
🇭🇰 Saracens · Hong Kong SAR China
960
-14
NoBrainGameplay
8:04 Loom
10:17 Feudal Age
19:58 Castle Age
18:03 Double-Bit Axe
19:54 Bloodlines
23:26 Horse Collar
26:34 Scale Barding Armor
28:29 Wheelbarrow
29:37 Fletching
30:43 Husbandry
31:28 Town Watch
33:28 Hand Cart
33:43 Forging
35:42 Chain Barding Armor
36:45 Light Cavalry
41:22 Imperial Age
40:26 Detinets
42:05 Heavy Plow
41:52 Hussar
East-弑神
0:43 Loom
11:33 Feudal Age
16:28 Castle Age
15:20 Double-Bit Axe
15:34 Horse Collar
16:25 Bloodlines
21:35 Wheelbarrow
24:20 Scale Barding Armor
24:34 Heavy Plow
26:18 Gold Mining
27:39 Gold Shaft Mining
28:30 Hand Cart
32:59 Imperial Age
31:58 Forging
32:09 Chain Barding Armor
33:36 Iron Casting
33:05 Cavalier
34:28 Town Watch
35:30 Husbandry
36:09 Plate Barding Armor
36:26 Padded Archer Armor
36:42 Masonry
36:59 Stone Mining
39:08 Bow Saw
40:22 Leather Archer Armor
39:57 Fletching
43:17 Blast Furnace
supersponge
0:44 Loom
10:24 Feudal Age
14:39 Scale Barding Armor
17:11 Bloodlines
18:32 Double-Bit Axe
22:44 Castle Age
22:24 Forging
23:39 Pikeman
25:10 Wheelbarrow
28:57 Fletching
30:47 Thumb Ring
33:06 Padded Archer Armor
33:24 Hand Cart
39:44 Imperial Age
39:07 Horse Collar
39:52 Squires
39:38 Arson
Pug Samurai
3:21 Loom
11:07 Feudal Age
20:00 Castle Age
20:06 Castle Age
18:28 Fletching
18:27 Double-Bit Axe
20:22 Crossbowman
22:38 Bodkin Arrow
27:16 Ballistics
28:14 Horse Collar
30:04 Wheelbarrow
32:14 Thumb Ring
40:06 Imperial Age
38:58 Bow Saw
38:54 Padded Archer Armor
39:41 Hand Cart
39:57 Leather Archer Armor
40:09 Town Watch
40:20 Arbalester
Connection lost

Rejoining the realm…

Still unreachable

The connection could not be restored.

Session expired

The server has moved on; the page needs a fresh start.